| TOP OF THE 1ST |
|
Washington (APP) Nationals batting - Pitching for Billings Mustangs : RHP Ryan Krause
|
|
Pitching: RHP Ryan Krause
|
|
|
Batting: RHB Steve Kunselman
|
0-0: Called Strike 0-1: Ball 1-1: Foul Ball, location: 2F 1-2: Ground out 6-3 (Groundball, 56, EV 84.4 MPH)
|
|
Batting: RHB Jessie Fisher
|
0-0: Called Strike 0-1: Swinging Strike 0-2: Strikes out swinging, 2-3 out at first.
|
|
Batting: SHB Nolan Carew
|
0-0: Ball 1-0: SOLO HOME RUN (Flyball, 89XD, EV 105.0 MPH), Distance : 422 ft
|
|
Batting: SHB Fernando Fundora
|
0-0: Fly out, F9 (Flyball, 9, EV 95.0 MPH)
|
| Top of the 1st over - 1 run, 1 hit, 0 errors, 0 left on base; Washington (APP) 1 - Billings 0 |
| BOTTOM OF THE 1ST |
|
Billings Mustangs batting - Pitching for Washington (APP) Nationals : RHP Romel Padua
|
|
Pitching: RHP Romel Padua
|
|
|
Batting: RHB Ben Burkholder
|
0-0: Ground out 5-3 (Groundball, 5S, EV 79.4 MPH)
|
|
Batting: RHB Alex Juarez
|
0-0: Called Strike 0-1: TRIPLE (Flyball, 89XD, EV 100.6 MPH)
|
|
Batting: RHB Alex Villagomez
|
0-0: Called Strike 0-1: Ground out 4-3 (Groundball, 6MD, EV 101.9 MPH) Alex Juarez scores
|
|
Batting: RHB Kevin Larner
|
0-0: Called Strike 0-1: Ball 1-1: SOLO HOME RUN (Flyball, 7D, EV 98.8 MPH), Distance : 379 ft
|
|
Batting: RHB Gabriel Arias
|
0-0: Ball 1-0: Ball 2-0: Called Strike 2-1: SOLO HOME RUN (Flyball, 89XD, EV 100.6 MPH), Distance : 407 ft
|
|
Batting: RHB Omar Garce
|
0-0: Ball 1-0: Ball 2-0: Swinging Strike 2-1: Ground out 5-3 (Groundball, 56S, EV 70.6 MPH)
|
| Bottom of the 1st over - 3 runs, 3 hits, 0 errors, 0 left on base; Washington (APP) 1 - Billings 3 |
| TOP OF THE 2ND |
|
Washington (APP) Nationals batting - Pitching for Billings Mustangs : RHP Ryan Krause
|
|
Batting: RHB Aaron Bateman
|
0-0: Swinging Strike 0-1: Foul Ball, location: 2F 0-2: Ground out 2-3 (Groundball, 2R, EV 68.1 MPH)
|
|
Batting: RHB Charlie Iacovone
|
0-0: Ball 1-0: Ball 2-0: Ball 3-0: Called Strike 3-1: Called Strike 3-2: Foul Ball, location: 2F 3-2: Base on Balls
|
|
Batting: RHB Alex Martinez
|
0-0: Foul Ball, location: 2F 0-1: Ball 1-1: Fielders Choice at 2nd, 1-6 (Groundball, 34S, EV 68.1 MPH)
|
|
Batting: RHB Franklin Ortega
|
0-0: Ball 1-0: Called Strike Alex Martinez is caught stealing 2nd base 2-4
|
| Top of the 2nd over - 0 runs, 0 hits, 0 errors, 0 left on base; Washington (APP) 1 - Billings 3 |
| BOTTOM OF THE 2ND |
|
Billings Mustangs batting - Pitching for Washington (APP) Nationals : RHP Romel Padua
|
|
Batting: LHB Alex Ramos
|
0-0: Ball 1-0: Ball 2-0: Ball 3-0: Called Strike 3-1: Called Strike 3-2: Base on Balls
|
|
Batting: RHB Will Trudeau
|
0-0: Called Strike 0-1: Swinging Strike 0-2: Strikes out swinging
|
|
Batting: LHB Jose Cruz
|
0-0: Ball 1-0: Called Strike 1-1: Called Strike Alex Ramos steals 2nd base 1-2: Ball 2-2: Foul Ball, location: 2F 2-2: 2-RUN HOME RUN (Flyball, 7LD, EV 97.5 MPH), Distance : 381 ft
|
|
Batting: RHB Ben Burkholder
|
0-0: Foul Ball, location: 2F 0-1: Fly out, F9 (Flyball, 9LM, EV 83.8 MPH)
|
|
Batting: RHB Alex Juarez
|
0-0: Ball 1-0: Swinging Strike 1-1: DOUBLE (Flyball, 8LXD, EV 99.4 MPH)
|
|
Batting: RHB Alex Villagomez
|
0-0: Called Strike 0-1: Called Strike 0-2: DOUBLE (Flyball, 89XD, EV 110.0 MPH) Alex Juarez scores
|
|
Pitching: RHP Omar Perez
|
|
|
Batting: RHB Kevin Larner
|
0-0: Called Strike 0-1: SINGLE (Line Drive, 8RS, EV 100.6 MPH) Alex Villagomez to third
|
|
Batting: RHB Gabriel Arias
|
0-0: Called Strike 0-1: Ball 1-1: SINGLE (Groundball, 34D, EV 108.8 MPH) Alex Villagomez scores Kevin Larner to second Runner from 2nd tries for 3rd, SAFE, throw by RF made to third
|
|
Batting: RHB Omar Garce
|
0-0: Foul Ball, location: 2F 0-1: Ball 1-1: Ball 2-1: Ball 3-1: Base on Balls Gabriel Arias to second
|
|
Batting: LHB Alex Ramos
|
0-0: Foul Ball, location: 2F 0-1: Swinging Strike 0-2: Reached on error, E4 (Groundball, 4, EV 84.4 MPH) Kevin Larner scores Gabriel Arias scores Omar Garce to third
|
|
Batting: RHB Will Trudeau
|
0-0: Ball 1-0: Called Strike 1-1: Called Strike 1-2: Ball 2-2: Ball 3-2: Base on Balls
|
|
Batting: LHB Jose Cruz
|
0-0: Called Strike 0-1: Fly out, F6 (Popup, 6M, EV 65.0 MPH)
|
| Bottom of the 2nd over - 6 runs, 5 hits, 1 error, 3 left on base; Washington (APP) 1 - Billings 9 |
| TOP OF THE 3RD |
|
Washington (APP) Nationals batting - Pitching for Billings Mustangs : RHP Ryan Krause
|
|
Batting: RHB Franklin Ortega
|
0-0: Called Strike 0-1: Foul Ball, location: 2F 0-2: Strikes out swinging
|
|
Batting: RHB Chad Madsen
|
0-0: Ball 1-0: Ball 2-0: SINGLE (Groundball, 56D, EV 94.4 MPH)
|
|
Batting: RHB Steve Kunselman
|
0-0: Foul Ball, location: 2F 0-1: Swinging Strike 0-2: Ball 1-2: Strikes out looking
|
|
Batting: RHB Jessie Fisher
|
0-0: Ball 1-0: Ball 2-0: Ball 3-0: Called Strike 3-1: Fly out, F8 (Line Drive, 8LM, EV 91.9 MPH)
|
| Top of the 3rd over - 0 runs, 1 hit, 0 errors, 1 left on base; Washington (APP) 1 - Billings 9 |
| BOTTOM OF THE 3RD |
|
Billings Mustangs batting - Pitching for Washington (APP) Nationals : RHP Omar Perez
|
|
Batting: RHB Ben Burkholder
|
0-0: Ball 1-0: Ground out 4-3 (Groundball, 4, EV 103.8 MPH)
|
|
Batting: RHB Alex Juarez
|
0-0: Ball 1-0: Called Strike 1-1: Ground out U3 (Groundball, 13, EV 84.4 MPH)
|
|
Batting: RHB Alex Villagomez
|
0-0: Ball 1-0: Ground out U3 (Groundball, 3, EV 83.1 MPH)
|
| Bottom of the 3rd over - 0 runs, 0 hits, 0 errors, 0 left on base; Washington (APP) 1 - Billings 9 |
| TOP OF THE 4TH |
|
Washington (APP) Nationals batting - Pitching for Billings Mustangs : RHP Ryan Krause
|
|
Batting: SHB Nolan Carew
|
0-0: Ball 1-0: Called Strike 1-1: Foul Ball, location: 2F 1-2: SINGLE (Groundball, 25, EV 68.1 MPH) (infield hit)
|
|
Batting: SHB Fernando Fundora
|
0-0: Ball 1-0: Ball 2-0: Called Strike 2-1: Called Strike 2-2: Foul Ball, location: 2F 2-2: Ball 3-2: DOUBLE (Flyball, 89D, EV 94.4 MPH) Nolan Carew to third Nolan Carew scores
|
|
Batting: RHB Aaron Bateman
|
0-0: Ball 1-0: Ball 2-0: Ground out 3-1 (Groundball, 34, EV 107.5 MPH) Fernando Fundora to third
|
|
Batting: RHB Charlie Iacovone
|
0-0: Swinging Strike 0-1: Called Strike 0-2: Strikes out swinging
|
|
Batting: RHB Alex Martinez
|
0-0: Ball 1-0: Ball 2-0: Ground out 5-3 (Groundball, 5, EV 86.9 MPH)
|
| Top of the 4th over - 1 run, 2 hits, 0 errors, 1 left on base; Washington (APP) 2 - Billings 9 |
| BOTTOM OF THE 4TH |
|
Billings Mustangs batting - Pitching for Washington (APP) Nationals : RHP Omar Perez
|
|
Batting: RHB Kevin Larner
|
0-0: Ball 1-0: Ball 2-0: Called Strike 2-1: Fly out, F8 (Flyball, 8RM, EV 84.4 MPH)
|
|
Batting: RHB Gabriel Arias
|
0-0: Called Strike 0-1: Swinging Strike 0-2: Ball 1-2: Foul Ball, location: 2F 1-2: Foul Ball, location: 2F 1-2: Ground out 4-3 (Groundball, 34, EV 80.6 MPH)
|
|
Pitching: RHP Matt Norris
|
|
|
Batting: RHB Omar Garce
|
0-0: Ball 1-0: Ball 2-0: Fly out, F7 (Flyball, 78D, EV 106.2 MPH)
|
| Bottom of the 4th over - 0 runs, 0 hits, 0 errors, 0 left on base; Washington (APP) 2 - Billings 9 |
| TOP OF THE 5TH |
|
Washington (APP) Nationals batting - Pitching for Billings Mustangs : RHP Ryan Krause
|
|
Batting: RHB Franklin Ortega
|
0-0: Foul Ball, location: 2F 0-1: Foul Ball, location: 2F 0-2: Fly out, F8 (Flyball, 8LD, EV 98.1 MPH)
|
|
Batting: RHB Chad Madsen
|
0-0: Ball 1-0: Swinging Strike 1-1: Foul Ball, location: 2F 1-2: Ball 2-2: Ground out 4-3 (Groundball, 4, EV 81.9 MPH)
|
|
Batting: RHB Steve Kunselman
|
0-0: Ball 1-0: Ball 2-0: Ball 3-0: Called Strike 3-1: Base on Balls
|
|
Batting: RHB Jessie Fisher
|
0-0: Ball 1-0: Ball 2-0: Foul Ball, location: 2F 2-1: 2-RUN HOME RUN (Flyball, 78XD, EV 100.6 MPH), Distance : 413 ft
|
|
Batting: SHB Nolan Carew
|
0-0: Swinging Strike 0-1: Ball 1-1: Ball 2-1: Called Strike 2-2: Foul Ball, location: 2F 2-2: Foul Ball, location: 2F 2-2: Strikes out swinging
|
| Top of the 5th over - 2 runs, 1 hit, 0 errors, 0 left on base; Washington (APP) 4 - Billings 9 |
| BOTTOM OF THE 5TH |
|
Billings Mustangs batting - Pitching for Washington (APP) Nationals : RHP Matt Norris
|
|
Batting: LHB Alex Ramos
|
0-0: Ball 1-0: Ball 2-0: Ball 3-0: Called Strike 3-1: Base on Balls
|
|
Batting: RHB Will Trudeau
|
0-0: Ball Wild Pitch! Alex Ramos to second 1-0: Ball 2-0: Ground out 4-3 (Groundball, 4, EV 101.9 MPH) Alex Ramos to third
|
|
Batting: LHB Jose Cruz
|
0-0: Ball 1-0: Ball 2-0: Foul Ball, location: 2F 2-1: SINGLE (Line Drive, 78S, EV 93.1 MPH) Alex Ramos scores
|
|
Batting: RHB Ben Burkholder
|
0-0: SINGLE (Groundball, 34D, EV 95.0 MPH) Jose Cruz to second Jose Cruz to third
|
|
Batting: RHB Alex Juarez
|
0-0: Ball 1-0: Swinging Strike 1-1: Ball 2-1: Called Strike 2-2: Strikes out swinging
|
|
Batting: RHB Alex Villagomez
|
0-0: Called Strike 0-1: Ball 1-1: Ball 2-1: Called Strike 2-2: Foul Ball, location: 2F 2-2: DOUBLE (Line Drive, 78M, EV 91.2 MPH) Jose Cruz scores Ben Burkholder to third Runner from 3rd tries for Home, SAFE, throw by CF to home
|
|
Batting: RHB Kevin Larner
|
0-0: SINGLE (Flyball, 3D, EV 97.5 MPH) Alex Villagomez to third
|
|
Batting: RHB Gabriel Arias
|
0-0: Ball 1-0: Swinging Strike 1-1: Fly out, F8 (Flyball, 8RD, EV 104.4 MPH)
|
| Bottom of the 5th over - 3 runs, 4 hits, 0 errors, 2 left on base; Washington (APP) 4 - Billings 12 |
| TOP OF THE 6TH |
|
Washington (APP) Nationals batting - Pitching for Billings Mustangs : RHP Ryan Krause
|
|
Batting: SHB Fernando Fundora
|
0-0: Called Strike 0-1: Called Strike 0-2: Ground out 6-3 (Groundball, 6, EV 83.1 MPH)
|
|
Pitching: RHP Cortez Restrepo
|
|
|
Batting: RHB Aaron Bateman
|
0-0: Called Strike 0-1: Ball 1-1: Foul Ball, location: 2F 1-2: Ball 2-2: Ground out 3-1 (Groundball, 34, EV 77.5 MPH)
|
|
Batting: RHB Charlie Iacovone
|
0-0: Ball 1-0: Foul Ball, location: 2F 1-1: Ground out 6-3 (Groundball, 6, EV 86.9 MPH)
|
| Top of the 6th over - 0 runs, 0 hits, 0 errors, 0 left on base; Washington (APP) 4 - Billings 12 |
| BOTTOM OF THE 6TH |
|
Billings Mustangs batting - Pitching for Washington (APP) Nationals : RHP Matt Norris
|
|
Pitching: LHP Mike Rosas
|
|
|
Batting: RHB Omar Garce
|
0-0: Fly out, F8 (Flyball, 8RD, EV 98.8 MPH)
|
|
Batting: LHB Alex Ramos
|
0-0: SINGLE (Groundball, 6MD, EV 106.2 MPH)
|
|
Batting: RHB Will Trudeau
|
0-0: Ball 1-0: Ball 2-0: Ball 3-0: Called Strike 3-1: Base on Balls Alex Ramos to second
|
|
Batting: LHB Jose Cruz
|
0-0: Called Strike 0-1: Called Strike 0-2: Ball 1-2: Ball 2-2: Strikes out swinging
|
|
Batting: RHB Ben Burkholder
|
0-0: Ball 1-0: Called Strike 1-1: Ball 2-1: Swinging Strike 2-2: Strikes out looking
|
| Bottom of the 6th over - 0 runs, 1 hit, 0 errors, 2 left on base; Washington (APP) 4 - Billings 12 |
| TOP OF THE 7TH |
|
Washington (APP) Nationals batting - Pitching for Billings Mustangs : RHP Cortez Restrepo
|
|
Pinch Hitting: RHB Justin Van Houten
|
0-0: Foul Ball, location: 2F 0-1: Ball 1-1: Called Strike 1-2: Ball 2-2: Strikes out swinging
|
|
Pinch Hitting: RHB Trent Spivey
|
0-0: Ball 1-0: Ball 2-0: Fly out, F8 (Flyball, 8RD, EV 103.8 MPH)
|
|
Batting: RHB Chad Madsen
|
0-0: Called Strike 0-1: Ball 1-1: Ball 2-1: Ball 3-1: Foul Ball, location: 2F 3-2: Base on Balls
|
|
Batting: RHB Steve Kunselman
|
0-0: Ball 1-0: Ball 2-0: Ball Wild Pitch! Chad Madsen to second 3-0: Called Strike 3-1: Base on Balls
|
|
Batting: RHB Jessie Fisher
|
0-0: Called Strike 0-1: Swinging Strike 0-2: Ball 1-2: Ball 2-2: Ball 3-2: Foul Ball, location: 2F 3-2: Foul Ball, location: 2F 3-2: Foul Ball, location: 2F 3-2: Foul Ball, location: 2F 3-2: Foul Ball, location: 2F 3-2: Base on Balls Chad Madsen to third Steve Kunselman to second
|
|
Pitching: RHP Guang Jue
|
|
|
Batting: SHB Nolan Carew
|
0-0: Called Strike 0-1: Called Strike 0-2: Strikes out swinging
|
| Top of the 7th over - 0 runs, 0 hits, 0 errors, 3 left on base; Washington (APP) 4 - Billings 12 |
| BOTTOM OF THE 7TH |
|
Billings Mustangs batting - Pitching for Washington (APP) Nationals : LHP Mike Rosas
|
|
Now at 2B: Justin Van Houten
|
|
|
Now at 3B: Trent Spivey
|
|
|
Pinch Hitting: RHB Ji-an See-to
|
0-0: Ball 1-0: Ball 2-0: Swinging Strike 2-1: Foul Ball, location: 2F 2-2: Ground out 6-3 (Groundball, 6S, EV 91.2 MPH)
|
|
Batting: RHB Alex Villagomez
|
0-0: Called Strike 0-1: Reached on error, E4 (Groundball, 4, EV 83.8 MPH)
|
|
Batting: RHB Kevin Larner
|
0-0: Swinging Strike 0-1: Foul Ball, location: 2F 0-2: Ball 1-2: Strikes out swinging
|
|
Batting: RHB Gabriel Arias
|
0-0: Foul Ball, location: 2F 0-1: Ball 1-1: Foul Ball, location: 2F 1-2: Ball 2-2: Strikes out swinging
|
| Bottom of the 7th over - 0 runs, 0 hits, 1 error, 1 left on base; Washington (APP) 4 - Billings 12 |
| TOP OF THE 8TH |
|
Washington (APP) Nationals batting - Pitching for Billings Mustangs : RHP Guang Jue
|
|
Now at SS: Ji-an See-to
|
|
|
Batting: SHB Fernando Fundora
|
0-0: Foul Ball, location: 2F 0-1: Swinging Strike 0-2: Strikes out looking
|
|
Batting: RHB Aaron Bateman
|
0-0: Ball 1-0: Ground out 5-3 (Groundball, 56, EV 105.0 MPH)
|
|
Batting: RHB Charlie Iacovone
|
0-0: Called Strike 0-1: Ball 1-1: Called Strike 1-2: Ball 2-2: Ball 3-2: Foul Ball, location: 2F 3-2: Strikes out swinging
|
| Top of the 8th over - 0 runs, 0 hits, 0 errors, 0 left on base; Washington (APP) 4 - Billings 12 |
| BOTTOM OF THE 8TH |
|
Billings Mustangs batting - Pitching for Washington (APP) Nationals : LHP Mike Rosas
|
|
Pitching: RHP Michael Bastian
|
|
|
Pinch Hitting: RHB Teddy Bonaddio
|
0-0: Ground out 3-1 (Groundball, 34, EV 86.9 MPH)
|
|
Batting: LHB Alex Ramos
|
0-0: Called Strike 0-1: Ball 1-1: Foul Ball, location: 2F 1-2: Strikes out swinging
|
|
Batting: RHB Will Trudeau
|
0-0: Ball 1-0: Fly out, F8 (Flyball, 8LD, EV 100.6 MPH)
|
| Bottom of the 8th over - 0 runs, 0 hits, 0 errors, 0 left on base; Washington (APP) 4 - Billings 12 |
| TOP OF THE 9TH |
|
Washington (APP) Nationals batting - Pitching for Billings Mustangs : RHP Guang Jue
|
|
Now at 1B: Teddy Bonaddio
|
|
|
Batting: RHB Justin Van Houten
|
0-0: Ground out 6-3 (Groundball, 6, EV 89.4 MPH)
|
|
Pinch Hitting: SHB Curtis DeLille
|
0-0: Foul Ball, location: 2F 0-1: Swinging Strike 0-2: Foul Ball, location: 2F 0-2: Ball 1-2: Foul Ball, location: 2F 1-2: Fly out, F7 (Flyball, 78S, EV 93.8 MPH)
|
|
Batting: RHB Chad Madsen
|
0-0: Ball 1-0: Ground out 1-3 (Groundball, 13S, EV 71.9 MPH)
|
| Top of the 9th over - 0 runs, 0 hits, 0 errors, 0 left on base; Washington (APP) 4 - Billings 12 |
|